 Dungeon Crawl Stone Soup version 0.24-a0-537-g2d01d4ab0a (webtiles) character file.

Game seed: 16207532919240049260

432 Gynju the Sneak (level 6, -5/28 HPs)
             Began as a Spriggan Enchanter on Aug 13, 2019.
             Killed by nerve-wracking pain
             ... invoked by an orc priest
              (13 damage)
             ... on level 4 of the Dungeon.
             The game lasted 00:10:39 (5274 turns).

Gynju the Sneak (Spriggan Enchanter)                Turns: 5274, Time: 00:10:40

Health: -5/28      AC:  3    Str:  4    XL:     6   Next: 67%
Magic:  3/11       EV: 18    Int: 18    God:
Gold:   122        SH:  6    Dex: 17    Spells: 7/10 levels left

rFire    . . .     SeeInvis +   k - +1 dagger (speed)
rCold    . . .     Gourm    .   c - +0 buckler
rNeg     . . .     Faith    .   b - +0 robe
rPois    .         Spirit   .   (helmet restricted)
rElec    .         Reflect  .   e - +0 cloak (curse)
rCorr    .         Harm     .   (gloves unavailable)
MR       +....                  (boots unavailable)
Stlth    ++++......             (no amulet)
HPRegen  0.09/turn              (no ring)
MPRegen  0.12/turn              (no ring)

@: very slightly contaminated, very quick
A: very small, unfitting armour, see invisible, herbivore, speed 3, slow
metabolism 2
a: no special abilities


You were on level 4 of the Dungeon.
You were near starving.

You visited 1 branch of the dungeon, and saw 4 of its levels.

You collected 122 gold pieces.

Inventory:

Hand Weapons
 k - a +1 dagger of speed (weapon)
Armour
 b - a +0 robe (worn)
 c - a +0 buckler (worn)
 e - a cursed +0 cloak (worn)
Scrolls
 g - 2 scrolls of teleportation {unknown}
 h - 2 scrolls of identify {unknown}
 l - a scroll of enchant armour {unknown}
 m - a scroll of remove curse {unknown}
 o - a scroll of random uselessness {unknown}
Potions
 a - 2 potions of might {unknown}
 f - a potion of lignification {unknown}
 i - a potion of ambrosia {unknown}
 j - a potion of curing {unknown}
 n - a potion of haste {unknown}
Comestibles
 d - 2 rations


   Skills:
 + Level 4.4 Short Blades
 - Level 3.0 Dodging
 + Level 7.7 Stealth
 + Level 2.7 Shields
 - Level 2.6 Spellcasting
 - Level 3.6 Hexes


You had 7 spell levels left.
You knew the following spells:

 Your Spells              Type           Power        Failure   Level  Hunger
a - Corona                Hex            ###....      5%          1    #......
b - Ensorcelled Hibernat  Hex/Ice        #.....       17%         2    ##.....

Your spell library contained the following spells:

 Spells                   Type           Power        Failure   Level  Hunger
 Confuse                  Hex            ###.....     16%         3    ###....
 Tukima's Dance           Hex            ###.....     16%         3    ###....
 Dazzling Spray           Conj/Hex       #.....       32%         3    ###....


Dungeon Overview and Level Annotations

Branches:
Dungeon (4/15)
 Temple: D:4-7

Altars:
Ashenzari
Nemelex Xobeh
The Shining One

Annotations:
D:2 1 runed translucent door, Crazy Yiuf


Innate Abilities, Weirdness & Mutations

You are very small and have problems with some larger weapons.
You are too small for most types of armour.
You have supernaturally acute eyesight. (SInv)
You are a herbivore.
You cover ground extremely quickly.
You need to consume almost no food.


Message History

The orc priest is heavily wounded.
The orc priest hits you.
You hit the orc priest.
The orc priest is severely wounded.
You hit the orc priest but do no damage.
The orc priest is severely wounded.
The orc priest begins to cast a cantrip, but forgets the words!
You closely miss the orc priest.
The orc priest is severely wounded.
You hit the orc priest but do no damage.
The orc priest is severely wounded.
The orc priest hits you.
* * * LOW HITPOINT WARNING * * *
You closely miss the orc priest.
The orc priest is severely wounded.
You hit the orc priest but do no damage.
The orc priest is severely wounded.
The orc priest mumbles some strange prayers to Beogh against you.
Pain shoots through your body!
You die...

...............#.........#.
...........[.###.........#.
...............[.........#.
.........................#.
.....................###...
.....................# #...
.......).............# #...
..........o..........# #...
..........@..........# #...
......................#
#...
......#...............#
##..
.....###...##.........#
#...
....##_##......)[.#####
#...
.....##'..............#
#(..
#.....#...............#
#... #....P≈P...........#
#... #....P≈P.###.......#
#...


You could see an orc priest.

Vanquished Creatures
  An ogre (D:4)
  2 scorpions
  3 orc wizards
  An orc priest (D:3)
  A worker ant (D:4)
  3 adders
  3 worms
  2 dart slugs
  2 leopard geckos
  12 orcs
  9 bats
  3 giant cockroaches
  6 goblins
  6 hobgoblins
  A quokka (D:3)
  3 frilled lizards
  5 kobolds
  12 rats
75 creatures vanquished.

Notes
Turn   | Place    | Note
-------+----------+-------------------------------------------
     0 | D:1      | Gynju the Spriggan Enchanter began the quest for the Orb.
     0 | D:1      | Reached XP level 1. HP: 9/9 MP: 5/5
   502 | D:1      | Reached XP level 2. HP: 13/13 MP: 6/6
   609 | D:1      | Reached skill level 5 in Stealth
   655 | D:1      | Learned a level 2 spell: Ensorcelled Hibernation
  1455 | D:2      | Reached XP level 3. HP: 16/16 MP: 8/8
  1601 | D:2      | Found a runed translucent door.
  1602 | D:2      | Noticed Crazy Yiuf
  1826 | D:2      | Found a shattered altar of Ashenzari.
  1827 | D:2      | Reached skill level 1 in Shields
  2571 | D:3      | Noticed a scorpion
  2578 | D:3      | Killed a scorpion
  2578 | D:3      | Reached skill level 6 in Stealth
  2578 | D:3      | Reached XP level 4. HP: 21/21 MP: 4/9
  3235 | D:3      | Reached XP level 5. HP: 21/24 MP: 1/10
  3724 | D:3      | Found a sparkling altar of Nemelex Xobeh.
  4063 | D:4      | Reached skill level 7 in Stealth
  4066 | D:4      | Reached XP level 6. HP: 28/28 MP: 6/11
  4897 | D:4      | Found a glowing golden altar of the Shining One.
  5274 | D:4      | Killed from afar by an orc priest

Levels and vault maps discovered:
D:1:      evilmike_arrival_plus, layout_loops_ring
D:2:      layout_basic, evilmike_ruin_ashenzari, uniq_crazy_yiuf_cottage
D:3:      layout_rooms, nemelex_altar_shiori
D:4:      layout_basic, tso_oasis_becter, grunt_temple_overflow_open

Skill      XL: |  1  2  3  4  5  6 |
---------------+-------------------+-----
Stealth        | 5 6 7 |  7.7
Short Blades   | 2 3 4 |  4.4
Shields        | 1 2 |  2.7
Dodging        | |  3.0
Spellcasting   | |  2.6
Hexes          | |  3.6

Action                   |  1- 3 |  4- 6 || total
-------------------------+-------+-------++-------
Melee: Dagger            |   155 |   185 ||   340
 Cast: Ensorcelled Hiber |     3 |    45 ||    48
 Stab: Sleeping          |    14 |    22 ||    36
       Distracted        |     1 |     1 ||     2
  Eat: Ration            |       |     2 ||     2
Armor: Robe              |    21 |     6 ||    27
Dodge: Dodged            |    91 |    91 ||   182
Block: Buckler           |    23 |    41 ||    64

Table legend:
 A = Non-vault XP
 B = Vault XP
 C = Vault XP percentage of total XP
 D = Non-vault monster count
 E = Vault monster count
 F = Vault count percentage of total count
                 A         B        C        D         E       F
            +---------+---------+-------+---------+---------+-------
      Total |     618 |       0 |   0.0 |      75 |       0 |   0.0
            +---------+---------+-------+---------+---------+-------
        D:1 |      31 |       0 |   0.0 |      19 |       0 |   0.0
        D:2 |      37 |       0 |   0.0 |      15 |       0 |   0.0
        D:3 |     231 |       0 |   0.0 |      30 |       0 |   0.0
        D:4 |     319 |       0 |   0.0 |      11 |       0 |   0.0
            +---------+---------+-------+---------+---------+-------
